 Dungeon Crawl Stone Soup version 0.24.1-8-ga250c9d538 (webtiles) character file.

Game seed: 8264264107062516062, levelgen mode: deterministic

2118 lepoulpe303 the Agent of Entropy (level 9, -2/68 HPs)
             Began as a Formicid Abyssal Knight on Apr 27, 2020.
             Was a Priest of Lugonu.
             Slain by a killer bee (7 damage)
             ... on level 7 of the Dungeon.
             The game lasted 00:25:44 (7636 turns).

lepoulpe303 the Agent of Entropy (FoAK)             Turns: 7636, Time: 00:25:44

Health: -2/68      AC: 15    Str: 17 (19) XL:     9   Next: 54%
Magic:  14/14      EV:  7    Int: 10 (12) God:    Lugonu [***...]
Gold:   276        SH: 11    Dex: 10 (11) Spells: 8/8 levels left

rFire    + . .     SeeInvis +   a - +0 war axe
rCold    + . .     Gourm    .   C - +2 buckler
rNeg     . . .     Faith    .   B - +0 chain mail
rPois    +         Spirit   .   (helmet unavailable)
rElec    +         Reflect  +   J - +2 cloak
rCorr    +         Harm     .   (no gloves)
MR       .....                  c - +0 pair of boots
Stlth    ..........             n - +6 amulet of reflection
HPRegen  0.21/turn              (no ring)
MPRegen  0.14/turn              (no ring)

@: lethally poisoned (-2 -> -3), resistant
A: permanent stasis, dig shafts and tunnels, four strong arms, antennae 3
a: Dig, Shaft Self, Depart the Abyss, Bend Space, Banish, Renounce Religion


You were on level 7 of the Dungeon.
You worshipped Lugonu.
Lugonu was most pleased with you.
You were not hungry.

You visited 1 branch of the dungeon, and saw 7 of its levels.
You visited the Abyss 1 time.
You also visited: Sewer.

You collected 456 gold pieces.
You spent 180 gold pieces at shops.

Inventory:

Hand Weapons
 a - a +0 war axe (weapon)
 b - a +0 hunting sling
Missiles
 s - 17 sling bullets
Armour
 c - a +0 pair of boots (worn)
 p - a +0 leather armour
 r - a +0 plate armour
 u - a +0 scale mail
 B - a +0 chain mail (worn)
 C - a +2 buckler (worn)
 J - a +2 cloak (worn)
Jewellery
 n - a +6 amulet of reflection (around neck)
Wands
 D - a wand of digging (2)
 G - a wand of polymorph (2)
 M - a wand of iceblast (9)
Scrolls
 d - a scroll of fog {unknown}
 g - 2 scrolls of immolation {unknown}
 i - 2 scrolls of identify
 o - 4 scrolls of magic mapping {unknown}
 t - 3 scrolls of enchant armour {unknown}
 w - 7 scrolls of remove curse
 y - 2 scrolls of teleportation {unknown}
 z - 2 scrolls of random uselessness {unknown}
 E - 2 scrolls of fear {unknown}
 H - 2 scrolls of amnesia {unknown}
 N - a scroll of blinking {unknown}
 O - a scroll of vulnerability {unknown}
Potions
 h - 2 potions of haste
 j - a potion of agility {unknown}
 l - 2 potions of heal wounds
 m - a potion of ambrosia {unknown}
 q - 2 potions of curing
 x - 2 potions of berserk rage {!q}
 A - 2 potions of brilliance
 I - a potion of magic {unknown}
 K - 2 potions of flight
Comestibles
 e - 9 rations


   Skills:
 + Level 5.5 Fighting
 * Level 6.4 Axes
 * Level 6.7 Armour
 + Level 3.7 Dodging
 * Level 7.5 Invocations


You had 8 spell levels left.
You didn't know any spells.
Your spell library was empty.

Dungeon Overview and Level Annotations

Branches:
Dungeon (7/15)             Temple (0/1) D:5           Sewer (visited)

Altars:
Ashenzari
Qazlal
Sif Muna
Trog
The Shining One

Shops:
D:4 [

Annotations:
D:6 2 transporters


Innate Abilities, Weirdness & Mutations

You cannot be hasted, slowed, berserked, paralysed or teleported.
You can dig through walls and to a lower floor.
Your four strong arms can wield two-handed weapons with a shield.
You have a pair of large antennae on your head. (SInv)


Message History

* * * LOW HITPOINT WARNING * * *
You now have 9/68 hp.
You miss the killer bee. The killer bee barely misses you.
You block the killer bee's attack.
You miss the killer bee.
You feel sick. You block the killer bee's attack. x2
The killer bee stings you but does no damage.
You barely miss the killer bee. The killer bee closely misses you.
The killer bee stings you.
* * * LOW HITPOINT WARNING * * *
You take 3 damage, and have 6/68 hp.
Your shield and chain mail prevent you from hitting the killer bee.
You block the killer bee's attack. x2
You closely miss the killer bee.
You feel sick. The killer bee barely misses you.
You block the killer bee's attack. The killer bee stings you.
* * * LOW HITPOINT WARNING * * *
You take 2 damage, and have 4/68 hp.
You miss the killer bee. You block the killer bee's attack.
The killer bee stings you!
You die...

........####.# .....
.........##..#####....
..........#..........##
......................#
.....#..$.............#
#..#....#..##...... ..
###.<.......###....##....
#.........#.[#..†.....>..
....#.....#.....@y#####(#
...................#
........>..........#
...........#..#...##
..............#####
...##.......### ...
#.....### .. ###.### ###


You could see a killer bee.

Levels and vault maps discovered:
D:1:      wander_arrival_lonely_grave, layout_basic
D:2:      kennysheep_the_goblin_king, layout_loops_ring, st_stairs_10,
          uniq_jessica
D:3:      layout_basic, first_ration
D:4:      layout_loops_ring, serial_shops, nicolae_shop_waterfront, uniq_ijyb,
          uniq_blork_the_orc
D:5:      layout_rooms, minmay_temple_entry_nine_rooms, basic_altar,
          gup_sewer_entry_glass, abandoned_shop, minmay_between
D:6:      layout_rooms, grunt_temple_overflow_diamond, led_sif_book,
          gammafunk_ghost_gnarly_gnolls, kennysheep_generic_room_7,
          uniq_prince_ribbit1
D:7:      layout_cave_pools, nicolae_qazlal_general_emergency,
          lemuel_round_altar, enter_bailey_3, minmay_misc_feat_rows

Notes
Turn   | Place    | Note
-------+----------+-------------------------------------------
     0 | Abyss:1  | lepoulpe303 the Formicid Abyssal Knight began the quest for
                  | the Orb.
     0 | Abyss:1  | Reached XP level 1. HP: 18/18 MP: 2/2
    12 | Abyss:1  | Found a corrupted altar of Lugonu.
    30 | Abyss:1  | Noticed a thrashing horror
    34 | D:1      | Escaped the Abyss
   424 | D:1      | Identified a +0 club
   428 | D:1      | Reached skill level 1 in Dodging
   433 | D:1      | Reached * piety under Lugonu
   433 | D:1      | Reached XP level 2. HP: 24/24 MP: 3/3
   917 | D:1      | Identified a +0 pair of boots (You found it on level 1 of
                  | the Dungeon)
   930 | D:2      | Identified a cursed +0 robe
   930 | D:2      | Noticed Jessica
   936 | D:1      | Killed Jessica
   936 | D:1      | Reached skill level 3 in Invocations
   936 | D:1      | Reached XP level 3. HP: 29/29 MP: 3/5
   970 | D:1      | Identified a +1 hand axe
  1094 | D:2      | Identified a +0 hunting sling
  1120 | D:2      | Identified a +0 plate armour (You found it on level 2 of
                  | the Dungeon)
  1129 | D:2      | Identified a +0 buckler (You found it on level 2 of the
                  | Dungeon)
  1269 | D:1      | Identified a +0 leather armour
  1288 | D:2      | Reached XP level 4. HP: 34/35 MP: 6/6
  1442 | D:2      | Identified a +0 club
  1442 | D:2      | Identified a +0 dagger
  1442 | D:2      | Identified a +0 club
  1444 | D:2      | Identified a +0 club
  1448 | D:2      | Identified a +0 scale mail
  1448 | D:2      | Noticed Ijyb
  1482 | D:2      | Killed Ijyb
  1482 | D:2      | Reached skill level 3 in Armour
  1536 | D:2      | Identified a +0 club
  1539 | D:2      | Reached XP level 5. HP: 36/41 MP: 7/7
  1682 | D:2      | Identified a +0 club
  1682 | D:2      | Identified a +0 club
  1685 | D:2      | Identified a +0 dagger
  1766 | D:2      | Reached skill level 3 in Axes
  2153 | D:3      | Identified a +0 club
  2233 | D:3      | Reached ** piety under Lugonu
  2295 | D:3      | Identified a +0 club
  2295 | D:3      | Identified a +0 chain mail
  2295 | D:3      | Identified a cursed -1 flail
  2295 | D:3      | Identified a +0 dagger
  2295 | D:3      | Identified a +0 robe
  2374 | D:3      | Identified a +0 hand axe
  2375 | D:3      | Reached skill level 4 in Invocations
  2377 | D:3      | Identified a +0 whip
  2378 | D:3      | Identified a +0 whip
  2379 | D:3      | Identified a +0 leather armour
  2380 | D:3      | Identified a +0 club
  2387 | D:3      | Reached XP level 6. HP: 38/48 MP: 9/9
  2565 | D:3      | Identified a +0 flail
  2908 | D:3      | Identified a +0 dagger
  3067 | D:4      | Identified a +0 dagger
  3067 | D:4      | Identified a +0 robe
  3217 | D:4      | Found Peisilad's Antique Armour Boutique.
  3227 | D:4      | Bought a runed buckler for 180 gold pieces
  3237 | D:4      | Identified a +2 buckler (You bought it in a shop on level 4
                  | of the Dungeon)
  3238 | D:4      | Identified 4 scrolls of remove curse
  3239 | D:4      | Identified 7 scrolls of identify
  3239 | D:4      | Identified an amulet of reflection (You found it on level 1
                  | of the Dungeon)
  3265 | D:4      | Reached skill level 2 in Dodging
  3330 | D:4      | Identified a +0 mace
  3330 | D:4      | Identified a +0 robe
  3330 | D:4      | Noticed Blork the orc
  3349 | D:4      | Killed Blork the orc
  3349 | D:4      | Reached skill level 4 in Fighting
  3493 | D:4      | Reached skill level 4 in Armour
  3493 | D:4      | Reached XP level 7. HP: 48/54 MP: 10/10
  3543 | D:4      | Identified a cursed -1 short sword
  3543 | D:4      | Identified a +0 scale mail
  3554 | D:4      | Reached skill level 4 in Axes
  3599 | D:4      | Identified a +0 club
  3599 | D:4      | Identified a cursed -2 dagger
  3599 | D:4      | Identified a +0 ring mail
  3599 | D:4      | Identified a +0 falchion
  3796 | D:4      | Identified a +0 giant club
  3805 | D:4      | Reached skill level 5 in Invocations
  3819 | D:4      | Identified a +0 hand axe
  3819 | D:4      | Identified a +0 robe
  3985 | D:4      | Identified a +0 spear
  3985 | D:4      | Identified a +0 leather armour
  3989 | D:4      | Identified a +0 flail
  3989 | D:4      | Identified a +0 spear
  4061 | D:4      | Identified a +0 long sword
  4061 | D:4      | Identified a +0 leather armour
  4125 | D:4      | Identified a +2 vampiric dagger
  4125 | D:4      | Identified a cursed +0 ring mail
  4477 | D:5      | Entered Level 5 of the Dungeon
  4489 | D:5      | Found a glowing drain.
  4503 | D:5      | Reached *** piety under Lugonu
  4514 | Sewer    | Entered a sewer
  4565 | Sewer    | Reached XP level 8. HP: 25/61 MP: 12/12
  4816 | D:5      | Found a stormy altar of Qazlal.
  4864 | D:5      | Identified a +2 cloak (You found it on level 5 of the
                  | Dungeon)
  4883 | D:5      | Identified a +0 mace
  5114 | D:5      | Identified a +0 giant spiked club
  5121 | D:5      | Reached skill level 5 in Armour
  5327 | D:5      | Identified a +0 giant club
  5345 | D:5      | Reached skill level 5 in Axes
  5495 | D:5      | Found a staircase to the Ecumenical Temple.
  5576 | D:6      | Reached skill level 6 in Invocations
  5616 | D:6      | Identified a cursed -1 giant club
  5624 | D:6      | Reached skill level 3 in Dodging
  5841 | D:6      | Identified a +1 spear of venom
  5843 | D:6      | Noticed Prince Ribbit
  5843 | D:6      | Identified a +2 halberd of chaos
  5988 | D:6      | Found a transporter.
  5999 | D:6      | Identified a +0 spear
  5999 | D:6      | Identified a cursed +0 plate armour
  6006 | D:6      | Identified a +0 flail
  6114 | D:6      | Found a bloodstained altar of Trog.
  6119 | D:6      | Found a shattered altar of Ashenzari.
  6121 | D:6      | Found a glowing golden altar of the Shining One.
  6138 | D:6      | Identified a +6 trident of venom
  6138 | D:6      | Identified a +2 ring mail
  6138 | D:6      | Identified a +1 buckler
  6172 | D:6      | Killed Prince Ribbit
  6172 | D:6      | Reached skill level 5 in Fighting
  6259 | D:6      | Reached XP level 9. HP: 68/68 MP: 12/14
  6279 | D:6      | Reached skill level 6 in Armour
  6465 | D:6      | Identified a +0 giant club
  6481 | D:6      | Reached skill level 7 in Invocations
  6650 | D:6      | Identified an uncursed ring of protection from fire
  6666 | D:6      | Reached skill level 6 in Axes
  6729 | D:6      | Identified 4 potions of heal wounds
  6730 | D:6      | Identified 2 potions of brilliance
  6731 | D:6      | Identified 2 potions of haste
  6732 | D:6      | Identified 2 potions of flight
  6734 | D:6      | Identified 2 potions of berserk rage
  6742 | D:6      | Found a transporter.
  6745 | D:6      | Identified a +0 whip
  6745 | D:6      | Identified a +0 robe
  6746 | D:6      | Identified a +0 spear
  6746 | D:6      | Identified a +0 scale mail
  6757 | D:6      | Identified a cursed -2 club
  6759 | D:6      | Identified a cursed -1 dagger
  6759 | D:6      | Identified a +0 robe
  6760 | D:6      | Identified a +0 dagger
  6760 | D:6      | Identified a +0 robe
  6760 | D:6      | Identified a +0 war axe
  6760 | D:6      | Identified a +0 chain mail
  6933 | D:6      | Identified a +0 club
  6978 | D:6      | Found a shimmering blue altar of Sif Muna.
  6983 | D:6      | Identified a +0 dagger
  6983 | D:6      | Identified a +0 robe
  6983 | D:6      | Identified a +0 dagger
  6983 | D:6      | Identified a +0 robe of magic resistance
  7039 | D:6      | HP: 17/68 [killer bee (6)]
  7041 | D:6      | HP: 7/68 [killer bee (7)]
  7064 | D:6      | HP: 17/68 [poisoned by an adder]
  7072 | D:6      | HP: 17/68 [poisoned by an adder]
  7601 | D:7      | Identified a potion of cancellation
  7602 | D:7      | Identified a potion of degeneration
  7603 | D:7      | Identified a potion of resistance
  7611 | D:7      | HP: 17/68 [killer bee (1)]
  7613 | D:7      | Identified a potion of lignification
  7622 | D:7      | HP: 23/102 [killer bee (4)]
  7627 | D:7      | HP: 21/102 [poisoned by a killer bee]
  7630 | D:7      | HP: 9/68 [killer bee (3)]
  7635 | D:7      | HP: 5/68 [poisoned by a killer bee]
  7636 | D:7      | Slain by a killer bee

Table legend:
 A = Turns spent in this place as a percentage of turns spent in the entire game.
 B = Non-inter-level travel turns spent in this place as a percentage of non-inter-level travel turns spent in the entire game.
 C = Inter-level travel turns spent in this place as a percentage of turns spent in this place.
 D = Turns resting spent in this place as a percentage of non-inter-level travel turns spent in this place.
 E = Turns spent auto-exploring this place as a percentage of non-inter-level travel turns spent in this place.
 F = Non-inter-level travel turns spent in this place divided by the number of levels of this place that you've seen.
                   A       B       C       D       E      F
               +-------+-------+-------+-------+-------+----------------------
         Total | 100.0 | 100.0 |   4.6 |  35.7 |  41.2 | 809.2
       Dungeon |  95.9 |  95.7 |   4.8 |  34.8 |  42.1 | 995.4
         Abyss |   0.4 |   0.5 |   0.0 |   0.0 |   0.0 |  34.0
         Sewer |   3.7 |   3.9 |   0.0 |  63.0 |  24.2 | 281.0
               +-------+-------+-------+-------+-------+----------------------

Table legend:
 A = Kills in this place as a percentage of kills in entire the game.
 B = Kills by you in this place as a percentage of kills by you in the entire game.
 C = Kills by friends in this place as a percentage of kills by friends in the entire game.
 D = Other kills in this place as a percentage of other kills in the entire game.
 E = Experience gained in this place as a percentage of experience gained in the entire game.
 F = Experience gained in this place divided by the number of levels of this place that you have seen.
                   A       B       C       D       E      F
               +-------+-------+-------+-------+-------+----------------------
         Total | 100.0 | 100.0 |   N/A |   N/A | 100.0 | 336.2
       Dungeon |  95.6 |  95.6 |   N/A |   N/A |  96.0 | 415.1
         Sewer |   4.4 |   4.4 |   N/A |   N/A |   4.0 | 120.0
               +-------+-------+-------+-------+-------+----------------------

Skill      XL: |  1  2  3  4  5  6  7  8  9 |
---------------+----------------------------+-----
Dodging        | 1 2 3 |  3.7
Invocations    | 3 4 5 6 7 |  7.5
Armour         | 3 4 5 6 |  6.7
Axes           | 3 4 5 6 |  6.4
Fighting       | 4 5 |  5.5

Action                   |  1- 3 |  4- 6 |  7- 9 || total
-------------------------+-------+-------+-------++-------
Melee: Hand axe          |    57 |   238 |   360 ||   655
       War axe           |       |       |   118 ||   118
 Fire: Hunting sling     |       |       |    63 ||    63
Throw: Javelin           |     2 |    21 |    42 ||    65
Invok: Depart the Abyss  |     1 |       |       ||     1
 Abil: Dig               |     1 |       |       ||     1
Evoke: Wand              |       |       |     2 ||     2
  Use: Scroll            |       |     2 |     5 ||     7
       Potion            |       |       |     7 ||     7
  Eat: Chunk             |     1 |     7 |     9 ||    17
       Ration            |       |       |     2 ||     2
Armor: Leather armour    |    17 |     8 |       ||    25
       Scale mail        |       |    67 |       ||    67
       Chain mail        |       |    14 |   201 ||   215
       Skin              |       |       |    35 ||    35
Dodge: Dodged            |    61 |   120 |   147 ||   328
Block: Buckler           |       |    37 |   333 ||   370
       Reflection        |       |       |     8 ||     8

Vanquished Creatures
  Prince Ribbit (D:6)
  A sky beast (D:6)
  An orc warrior (D:6)
  5 ogres
  A crocodile (Sewer)
  Blork the orc (D:4)
  4 bullfrogs (D:6)
  4 killer bees (D:7)
  A crimson imp (D:6)
  2 hounds
  5 orc wizards
  3 orc priests
  Jessica (D:1)
  Ijyb (D:2)
  An iguana (D:5)
  6 worker ants
  A hound zombie (D:5)
  A hound skeleton (D:4)
  9 adders
  4 gnolls
  A shadow imp (D:6)
  4 worms
  A dart slug (D:5)
  3 leopard geckos
  14 orcs
  A ball python (D:3)
  11 bats
  3 giant cockroaches (D:5)
  9 goblins
  10 hobgoblins
  3 jackals (D:3)
  7 kobolds
  4 quokkas
  A ball python skeleton (D:4)
  3 frilled lizards
  A quokka zombie (D:3)
  6 rats
135 creatures vanquished.

Vanquished Creatures (others)
  6 plants (D:6)
6 creatures vanquished.

Grand Total: 141 creatures vanquished
